cohdb
Replays
Latest Replays
All Replays
Popular Replays
Top Player Replays
Match Explorer
How It Works
Community
CoH3 Stats
Reddit
Sign in to upload your games and track your stats! →
Sign in with Steam
Match 42058937
Unlisted
Match 42058937
Overview
Messages
Build Orders
End
Kradschützen Motorcycle Team
Panzerpioneer Squad
Panzergrenadier Squad
Panzergrenadier Squad
Panzergrenadier Squad
Selects Panzerjäger Kommand Battlegroup
Selects Panzerjäger Kommand Battlegroup
Selects Mine Fields
Construct Light Support Kompanie
Selects Defensive Positions
Fire Support Elements
Flakvierling Half-track
2.5-tonne Medical Truck
Selects Butterfly Bomb Drop
Construct Panzerarmee Kommand
Assault Mechanized Group
Panzer III L Medium Tank
Veteran Squad Leaders
Selects Tank Busters
Selects Tank Busters
Panzer III L Medium Tank
Selects Crew Shock Tactics
Selects Anti-tank Overwatch
BIOHAZARD
Fizzysaucers
0
0
Comments
sign in to comment!
No comments posted yet!